Map: Bel'Shir Vestige LE (Void)

Players

NonY

  • Race: Protoss Protoss
  • Spawn Location: 11:00

PiLiPiLi - Winner!

  • Race: Protoss Protoss
  • Spawn Location: 5:00

Event: WCS Austin 2017

VOD

Have the link to the VOD?

Description

Time

  • Played on: April 28, 2017, 8:01 p.m.
  • Length: 6:27

All games in this series

Show
View Real Time Build Order
Export as new Build Order

NonY Protoss 

Build Orders:  

Get SALT Encoding   

  12  0:00  Probe (Chrono Boost)  
  13  0:11  Probe (Chrono Boost)  
  14  0:17  Pylon  
  14  0:22  Probe (Chrono Boost)  
  15  0:35  Probe (Chrono Boost)  
  16  0:37  Gateway  
  16  0:46  Probe (Chrono Boost)  
  16  0:47  Assimilator  
  17  0:52  Assimilator  
  17  0:56  Probe (Chrono Boost)  
  18  1:04  Gateway  
  18  1:07  Probe (Chrono Boost)  
  19  1:17  Probe (Chrono Boost)  
  20  1:24  Cybernetics Core  
  20  1:28  Probe (Chrono Boost)  
  20  1:32  Pylon  
  21  1:38  Probe (Chrono Boost)  
  22  1:46  Warp Gate  
  22  1:49  Probe (Chrono Boost)  
  23  2:00  Adept  
  23  2:01  Adept  
  27  2:07  Mothership Core (Chrono Boost)  
  29  2:09  Pylon  
  29  2:19  Pylon  
  29  2:28  Adept x2  
  33  2:40  Robotics Facility  
  33  2:53  Gateway  
  33  3:01  Stalker  
  35  3:08  Stalker  
  37  3:14  Pylon  
  36  3:37  Pylon  
  37  3:49  Probe (Chrono Boost)  
  35  3:57  Pylon  
  35  4:02  Stalker x2  
  33  4:08  Pylon  
  33  4:11  Immortal  
  32  4:39  Stalker x3  
  32  4:45  Immortal  
  31  5:12  Stalker  
  26  5:25  Stalker  
  14  5:43  Stalker  
  14  5:56  Stalker  
Show
View Real Time Build Order
Export as new Build Order

PiLiPiLi Protoss - Winner!

Build Orders: Oracle Opening 

Get SALT Encoding   

  12  0:01  Probe (Chrono Boost)  
  13  0:11  Probe (Chrono Boost)  
  14  0:18  Pylon  
  14  0:22  Probe (Chrono Boost)  
  15  0:36  Probe (Chrono Boost), Gateway  
  16  0:43  Assimilator  
  16  0:47  Probe (Chrono Boost)  
  17  0:51  Assimilator  
  17  0:57  Probe (Chrono Boost)  
  17  1:03  Gateway  
  18  1:08  Probe (Chrono Boost)  
  19  1:23  Cybernetics Core  
  19  1:25  Probe (Chrono Boost)  
  20  1:28  Pylon  
  20  1:35  Probe (Chrono Boost)  
  21  1:46  Probe (Chrono Boost)  
  22  1:52  Warp Gate  
  22  1:58  Probe (Chrono Boost)  
  23  2:06  Stalker x2  
  27  2:12  Mothership Core (Chrono Boost), Pylon  
  29  2:34  Probe (Chrono Boost)  
  29  2:36  Stalker x2  
  34  2:49  Probe (Chrono Boost)  
  35  3:02  Nexus  
  35  3:11  Stargate  
  35  3:18  Probe (Chrono Boost), Pylon  
  36  3:28  Gateway  
  36  3:51  Oracle  
  36  3:53  Probe (Chrono Boost)  
  37  4:09  Probe (Chrono Boost)  
  37  4:21  Void Ray  
  39  4:38  Stalker x3  
  41  5:04  Stalker x3  
  45  5:11  Pylon  
  45  5:27  Stalker  
  45  5:28  Stalker x2  
  45  5:41  Void Ray  
  35  5:53  Stalker  
  35  5:54  Zealot, Adept  
  39  6:16  Stalker x2  
  43  6:20  Stalker  
Tags
 
Add a new tag
Caveats
  • Supply blocks, unpowered buildings, or Contaminate may cause inaccurate times.
  • Supply counts are checked every 10 seconds.